 Dungeon Crawl Stone Soup version 0.19-a0-1185-gacb3972 (webtiles) character file.

211 Gagarin the Chopper (level 5, -6/46 HPs)
             Began as a Hill Orc Gladiator on Aug 18, 2016.
             Mangled by an ice beast (14 damage)
             ... on level 3 of the Dungeon.
             The game lasted 00:06:08 (3153 turns).

Gagarin the Chopper (Hill Orc Gladiator)            Turns: 3153, Time: 00:06:09

Health: -6/46      AC:  4    Str: 19    XL:     5   Next: 88%
Magic:  5/5        EV: 12    Int:  8    God:
Gold:   141        SH:  0    Dex: 11    Spells: 0 memorised, 4 levels left

rFire  . . .     SeeInvis .     a - +1 war axe
rCold  . . .     Gourm    .     b - +0 leather armour
rNeg   . . .     Faith    .     (no shield)
rPois  .         Spirit   .     c - +0 helmet
rElec  .         Dismiss  .     (no cloak)
rCorr  .         Reflect  .     (no gloves)
MR     .....     Harm     .     (no boots)
Stlth  +.........               (no amulet)
                                (no ring)
                                (no ring)

@: no status effects
A: no striking features
a: no special abilities


You were on level 3 of the Dungeon.
You were hungry.

You visited 1 branch of the dungeon, and saw 3 of its levels.

You collected 141 gold pieces.

Inventory:

Hand Weapons
 a - a +1 war axe (weapon)
Missiles
 k - 3 throwing nets (quivered)
Armour
 b - a +0 leather armour (worn)
 c - a +0 helmet (worn)
Jewellery
 e - an uncursed ring of see invisible {unknown}
 i - a cursed ring of teleportation {unknown}
 q - an uncursed ring of poison resistance {unknown}
 s - a cursed -3 ring of dexterity {unknown}
Scrolls
 g - a scroll of noise
 l - 2 scrolls of amnesia
 m - 2 scrolls of identify
 n - a scroll of blinking {unknown}
 p - a scroll of teleportation {unknown}
Potions
 t - a potion of magic
Comestibles
 d - a royal jelly
 f - a bread ration
 h - 10 chunks of flesh
 o - 2 meat rations


   Skills:
 + Level 3.9 Fighting
 + Level 5.9 Axes
 - Level 1.7 Throwing
 + Level 2.4 Armour
 + Level 3.2 Dodging


You had 4 spell levels left.
You didn't know any spells.

Dungeon Overview and Level Annotations

Branches:
Dungeon (3/15)

Altars:
The Shining One

Annotations:
D:3 George's ghost, amateur MiFi


Message History

* * * LOW HITPOINT WARNING * * *
You are too injured to fight recklessly!
You feel better. The ice beast barely misses you.
As you read the scroll labeled REXIRPH HIVVOSE, it crumbles to dust.
It is a scroll of amnesia.
You feel forgetful for a moment. The ice beast hits you.
The ice beast freezes you!
* * * LOW HITPOINT WARNING * * *
As you read the scroll labeled FOUCIHI ESSU, it crumbles to dust.
It is a scroll of identify.
g - a scroll of noise The ice beast barely misses you.
As you read the scroll labeled KOTHRO OM SAXIK, it crumbles to dust.
It is a scroll of enchant weapon.
Your +0 war axe glows red for a moment.
You are feeling hungry.
The ice beast hits you.
* * * LOW HITPOINT WARNING * * *
The ice beast freezes you!
You die...

.......# #.#### #.........#..).
.###.######....####.........#....
.....(.WK.........'.........รท...#
######<#######.####.........###..
#......# #.. .# #.........# #..
#......# #.# # #.........# #..
#......####.# #.........# #.(
#...........#######.........####.
+..............Y@................
#.....##########################.
#..... #. ##. #.. #.. #.. #.. ##.


You could see an ice beast.

Vanquished Creatures
  2 orc priests (D:3)
  An orc wizard (D:3)
  3 adders
  A worm (D:3)
  A dart slug (D:3)
  4 giant geckos
  10 orcs (D:3)
  4 bats
  4 giant cockroaches
  4 goblins
  12 hobgoblins
  7 jackals
  4 giant newts
  6 kobolds
  6 rats
69 creatures vanquished.

Vanquished Creatures (others)
  An orc wizard (D:3)
1 creature vanquished.

Grand Total: 70 creatures vanquished

Notes
Turn   | Place    | Note
-------+----------+-------------------------------------------
     0 | D:1      | Gagarin the Hill Orc Gladiator began the quest for the Orb.
     0 | D:1      | Reached XP level 1. HP: 18/18 MP: 1/1
   154 | D:1      | Reached XP level 2. HP: 17/25 MP: 2/2
   791 | D:1      | Found a glowing golden altar of the Shining One.
   830 | D:2      | Reached XP level 3. HP: 15/30 MP: 3/3
  1352 | D:2      | Reached skill level 5 in Axes
  1406 | D:2      | Reached skill level 1 in Armour
  1964 | D:2      | Reached XP level 4. HP: 31/38 MP: 4/4
  2189 | D:3      | Noticed George's ghost (amateur MiFi)
  2544 | D:3      | Reached XP level 5. HP: 30/45 MP: 5/5
  3136 | D:3      | Noticed an ice beast
  3153 | D:3      | Mangled by an ice beast

Vault maps used:
D:1:      dpeg_arrival_snail, tso_altar

Skill      XL: |  1  2  3  4  5 |
---------------+----------------+-----
Axes           | 5 |  5.9
Armour         | 1 2 |  2.4
Fighting       | 3 |  3.9
Dodging        | 3 |  3.2
Throwing       | |  1.7

Action                   |  1- 3 |  4- 6 || total
-------------------------+-------+-------++-------
Melee: War axe           |   125 |   126 ||   251
Throw: Throwing net      |     3 |       ||     3
  Use: Potion            |     1 |     6 ||     7
       Scroll            |       |     3 ||     3
  Eat: Chunk             |     3 |     4 ||     7
Armor: Leather armour    |    36 |    20 ||    56
Dodge: Dodged            |   100 |    96 ||   196
